 Dungeon Crawl Stone Soup version 0.23.2 (webtiles) character file.

Game seed: 5015428566781974910

46 VAZYLA the Skirmisher (level 3, 0/29 HPs)
             Began as a Formicid Abyssal Knight on Apr 9, 2019.
             Was a Follower of Lugonu.
             Succumbed to a goblin's poison
             ... on level 2 of the Dungeon.
             The game lasted 00:04:19 (929 turns).

VAZYLA the Skirmisher (Formicid Abyssal Knight)      Turns: 929, Time: 00:04:20

Health: 0/29       AC: 11    Str: 21 (22) XL:     3   Next: 95%
Magic:  5/5        EV:  6    Int: 15 (16) God:    Lugonu [*.....]
Gold:   76         SH:  0    Dex:  7 (10) Spells: 2/2 levels left

rFire    . . .     SeeInvis +   a - +1 spear
rCold    . . .     Gourm    .   (no shield)
rNeg     . . .     Faith    .   i - +0 plate armour
rPois    .         Spirit   .   (helmet unavailable)
rElec    .         Reflect  .   (no cloak)
rCorr    .         Harm     .   (no gloves)
MR       .....                  (no boots)
Stlth    ..........             (no amulet)
HPRegen  0.09/turn              (no ring)
MPRegen  0.09/turn              (no ring)

@: mighty, brilliant, lethally poisoned (0 -> -5)
A: permanent stasis, dig shafts and tunnels, four strong arms, antennae 3
a: Dig, Shaft Self, Depart the Abyss, Renounce Religion


You were on level 2 of the Dungeon.
You worshipped Lugonu.
Lugonu was aware of your devotion.
You were not hungry.

You visited 1 branch of the dungeon, and saw 2 of its levels.
You visited the Abyss 1 time.

You collected 76 gold pieces.

Inventory:

Hand Weapons
 a - a +1 spear (weapon)
Missiles
 k - 14 stones (quivered)
Armour
 b - a +0 leather armour
 i - a +0 plate armour (worn)
Jewellery
 f - a +3 ring of protection {unknown}
 h - an uncursed ring of magical power {unknown}
Scrolls
 d - 2 scrolls of blinking
 e - a scroll of amnesia {unknown}
 m - a scroll of remove curse {unknown}
 n - 2 scrolls of identify {unknown}
 o - a scroll of random uselessness {unknown}
Potions
 l - 2 potions of might
Comestibles
 c - 4 rations


   Skills:
 + Level 3.5 Fighting
 * Level 2.8 Polearms
 + Level 2.5 Armour
 + Level 1.2 Dodging
 * Level 3.0 Invocations


You had 2 spell levels left.
You didn't know any spells.
Your spell library was empty.

Dungeon Overview and Level Annotations

Branches:
Dungeon (2/15)

Altars:


Innate Abilities, Weirdness & Mutations

You cannot be hasted, slowed, berserked, paralysed or teleported.
You can dig through walls and to a lower floor.
Your four strong arms can wield two-handed weapons with a shield.
You have a pair of large antennae on your head. (SInv)


Message History

You feel clever all of a sudden.
* * * LOW HITPOINT WARNING * * *
You feel sick.
It was a potion of degeneration.
There was something very wrong with that liquid.
You feel weakened.
You feel dopey.
You feel clumsy.
As you read the scroll labeled ZEOSTR HUUMI, it crumbles to dust.
Your stasis prevents you from teleporting.
It was a scroll of blinking.
* * * LOW HITPOINT WARNING * * *
You feel sick.
* * * LOW HITPOINT WARNING * * *
You feel sick.
* * * LOW HITPOINT WARNING * * *
You feel sick.
* * * LOW HITPOINT WARNING * * *
You feel sick.
Found 4 gold pieces.
A quokka comes into view.
You die...

# .# .#
######.#####
#...@......#
#.###...#$..
#.##.#.#....
.##.###)#(##......
.......<..........
#.#.......##...r..
#.####.#..# .!...
# #.#.#.. #...
#.#.#### .


You could see a quokka.

Vanquished Creatures
  A dart slug (D:1)
  A leopard gecko (D:1)
  A giant cockroach (D:2)
  6 goblins
  7 hobgoblins
  9 jackals
  A quokka (D:2)
  3 bats (D:1)
  2 frilled lizards (D:1)
  2 kobolds
  2 rats (D:1)
35 creatures vanquished.

Notes
Turn   | Place    | Note
-------+----------+-------------------------------------------
     0 | Abyss:1  | VAZYLA the Formicid Abyssal Knight began the quest for the
                  | Orb.
     0 | Abyss:1  | Reached XP level 1. HP: 18/18 MP: 2/2
     0 | Abyss:1  | Found a corrupted altar of Lugonu.
    74 | Abyss:2  | Noticed a green death
    75 | D:1      | Escaped the Abyss
    89 | D:2      | Reached skill level 1 in Dodging
    91 | D:2      | Reached * piety under Lugonu
   200 | D:1      | Reached XP level 2. HP: 22/24 MP: 3/3
   240 | D:1      | Reached XP level 3. HP: 4/29 MP: 3/5
   927 | D:2      | HP: 1/29 [poisoned by a goblin]
   929 | D:2      | Succumbed to a goblin's poison

Skill      XL: |  1  2  3 |
---------------+----------+-----
Dodging        | 1 |  1.2
Invocations    | 3 |  3.0
Fighting       | |  3.5
Polearms       | |  2.8
Armour         | |  2.5

Action                   || total
-------------------------++-------
Melee: Spear             ||   137
Invok: Depart the Abyss  ||     1
  Use: Potion            ||     4
       Scroll            ||     1
Armor: Leather armour    ||    17
       Plate armour      ||    39
Dodge: Dodged            ||    71
